 Dungeon Crawl Stone Soup version 0.26-a0-1026-g544776af23 (webtiles) character file.

Game seed: 5810142594196859690

676 lunkers the Geomancer (level 7, -1/36 HPs)
             Began as a Gargoyle Earth Elementalist on Dec 9, 2020.
             Slain by Pikel
             ... wielding a +2 whip of freezing
              (5 damage)
             ... on level 4 of the Dungeon.
             The game lasted 00:11:17 (4105 turns).

lunkers the Geomancer (Gargoyle Earth Elementalist) Turns: 4105, Time: 00:11:17

Health: -1/36      AC:  8    Str: 12    XL:     7   Next: 59%
Magic:  4/13       EV: 12    Int: 17    God:
Gold:   252        SH:  0    Dex: 10    Spells: 8/14 levels left

rFire    . . .     SeeInvis .   u - +0 morningstar
rCold    . . .     Faith    .   (no shield)
rNeg     + + .     Spirit   .   v - +0 robe {rN+}
rPois    ∞         Reflect  .   (no helmet)
rElec    +         Harm     .   (no cloak)
rCorr    .         Rampage  .   (no gloves)
Will     .....                  l - +1 pair of boots
Stlth    ++........             n - amulet of magic regeneration
HPRegen  0.12/turn              (no ring)
MPRegen  0.38/turn              (no ring)

@: no status effects
A: negative energy resistance 1, electricity resistance, unbreathing,
petrification resistance, rot immunity, AC +4
a: no special abilities


You were on level 4 of the Dungeon.
You visited 1 branch of the dungeon, and saw 4 of its levels.
You also visited: Sewer.

You collected 252 gold pieces.

Inventory:

Hand Weapons
 u - a +0 morningstar (weapon)
Missiles
 b - 36 stones (quivered)
Armour
 c - a +0 robe
 g - a +0 kite shield
 l - a +1 pair of boots (worn)
 s - a +0 robe
 v - a +0 robe of positive energy (worn)
Jewellery
 n - an amulet of magic regeneration (around neck)
Scrolls
 d - 2 scrolls of blinking {unknown}
 e - 2 scrolls of magic mapping
 i - a scroll of immolation {unknown}
 j - a scroll of amnesia {unknown}
 k - 2 scrolls of teleportation
 p - a scroll of random uselessness {unknown}
 q - 2 scrolls of remove curse
Potions
 a - a potion of cancellation
 f - 5 potions of flight
 h - 4 potions of curing
 m - a potion of degeneration {unknown}
 o - 5 potions of heal wounds
 r - a potion of attraction {unknown}
 t - a potion of haste {unknown}


   Skills:
 - Level 1.5 Dodging
 - Level 2.1 Stealth
 + Level 4.1 Spellcasting
 - Level 2.0 Conjurations
 - Level 0.7 Transmutations
 * Level 8.7 Earth Magic


You had 8 spell levels left.
You knew the following spells:

 Your Spells              Type           Power        Failure   Level
a - Stone Arrow           Conj/Erth      ###...       4%          3
b - Passwall              Tmut/Erth      ###.....     3%          2
c - Sandblast             Erth           ####..       1%          1

Your spell library contained the following spells:

 Spells                   Type           Power        Failure   Level
 Lee's Rapid Deconstruct  Erth           ####......   12%         5
 Petrify                  Tmut/Erth      ###.....     22%         4


Dungeon Overview and Level Annotations

Branches:
Dungeon (4/15)              Sewer (visited)
 Temple: D:4-7

Altars:
Kikubaaqudgha
Uskayaw
Yredelemnul

Annotations:
D:4 Pikel


Innate Abilities, Weirdness & Mutations

You are resistant to torment.
Your stone body is resilient. (AC +4)
You are immune to poison.
You resist negative energy. (rN+)
You are resistant to electric shocks. (rElec)
You can survive without breathing.
You are immune to petrification.
You are immune to rotting.


Message History

Aiming: Sandblast (safe; 1% risk of failure)
Press: ? - help, Shift-Dir - straight line, f/p - Pikel
Aim: Pikel, wielding a +2 whip of freezing, wearing a +0 robe and carrying a wand of flame (25) (lightly wounded, 23% to evade)
The blast of sand hits Pikel.
Pikel is moderately wounded.
b - 37 stones Pikel hits you with a +2 whip of freezing.
* * * LOW HITPOINT WARNING * * *
Pikel freezes you.
* * * LOW HITPOINT WARNING * * *
Casting: Sandblast (safe; 1% risk of failure)
Confirm with . or Enter, or press ? or * to list all spells.
Aiming: Sandblast (safe; 1% risk of failure)
Press: ? - help, Shift-Dir - straight line, f/p - Pikel
Aim: Pikel, wielding a +2 whip of freezing, wearing a +0 robe and carrying a wand of flame (25) (moderately wounded, 23% to evade)
The blast of sand hits Pikel.
Pikel is heavily wounded.
b - 36 stones Pikel hits you with a +2 whip of freezing.
You die...

,,,#.....#...# #.....#.#.# ######
,,,#....##..5# #.....#.#.#
,,,#.......#.###.....#.#.########
,,,#...#####..##.....#........>.#
**#...........##.....#..........#
**#..........l.......#..........#
,*#....######K##.#...#..........#
,..............#†#...#.........)#
,##....######..#@#...............
,,*,,,,* #..#K#......#########
*,,,,,,* ##.#5#......# #....#
*,,,,,,* #.#.#......# #.##.#
,,,,,*** #...#......# #.##.#
,,*'** #...#......# #.##..
*,*.###########..#......# #.##..
***.....................####'##..
,,,.......................(((....


You could see Pikel and a lemure.

Vanquished Creatures
  Menkaure (D:4)
  An ogre (D:4)
  2 lemures (D:4)
  A big kobold (Sewer)
  2 scorpions (D:4)
  A vampire bat (D:3)
  A hound (D:4)
  An orc priest (D:4)
  A worker ant (D:4)
  4 gnolls (D:4)
  An adder (D:4)
  An ooze (D:1)
  4 worms
  3 dart slugs
  3 leopard geckos
  12 orcs
  3 ball pythons
  9 bats
  4 bat skeletons (D:3)
  A bat zombie (D:3)
  3 giant cockroaches
  6 goblins
  10 hobgoblins
  3 jackals
  2 quokkas (D:2)
  5 frilled lizards
  5 kobolds
  15 rats
105 creatures vanquished.

Notes
Turn   | Place    | Note
-------+----------+-------------------------------------------
     0 | D:1      | lunkers the Gargoyle Earth Elementalist began the quest for
                  | the Orb.
     0 | D:1      | Reached XP level 1. HP: 10/10 MP: 3/3
   137 | D:1      | Reached skill level 4 in Earth Magic
   318 | D:1      | Reached XP level 2. HP: 15/15 MP: 3/5
   600 | D:1      | Reached skill level 5 in Earth Magic
   600 | D:1      | Reached XP level 3. HP: 19/19 MP: 3/6
   847 | D:1      | Learned a level 2 spell: Passwall
   851 | D:1      | Learned a level 3 spell: Stone Arrow
  1469 | D:2      | Reached XP level 4. HP: 24/24 MP: 3/7
  1986 | D:3      | Found an ancient bone altar of Kikubaaqudgha.
  1995 | D:3      | Reached skill level 1 in Conjurations
  2203 | D:3      | Reached skill level 6 in Earth Magic
  2203 | D:3      | Reached XP level 5. HP: 28/28 MP: 4/8
  2961 | D:4      | Reached XP level 6. HP: 32/32 MP: 6/10
  3004 | D:4      | Reached skill level 7 in Earth Magic
  3286 | D:4      | Found a glowing drain.
  3290 | Sewer    | Entered a sewer
  3415 | Sewer    | Found a white marble altar of Elyvilon.
  3900 | D:4      | Found a basalt altar of Yredelemnul.
  3901 | D:4      | Noticed Menkaure
  3909 | D:4      | Reached skill level 8 in Earth Magic
  3909 | D:4      | Reached XP level 7. HP: 36/36 MP: 6/12
  3911 | D:4      | Killed Menkaure
  4062 | D:4      | Found a hide-covered altar of Uskayaw.
  4066 | D:4      | Noticed Pikel
  4105 | D:4      | Slain by Pikel

Illustrated notes

Levels and vault maps discovered:
D:1:      dpeg_arrival_radiant, layout_rooms, fountainhead
D:2:      layout_rooms
D:3:      layout_loops_ring, kennysheep_vampire_church, skrybe_limestone_x,
          dk_noncrumbling_2
D:4:      layout_basic, zin_angel, yredelemnul_altar_generic,
          eat_drink_and_be_merry_uskayaw, gup_sewer_entry_spiral, uniq_pikel,
          uniq_menkaure

Skill      XL: |  1  2  3  4  5  6  7 |
---------------+----------------------+-----
Earth Magic    | 4 5 6 8 |  8.7
Conjurations   | 1 2 |  2.0
Spellcasting   | 3 4 |  4.1
Dodging        | |  1.5
Stealth        | |  2.1
Transmutations | |  0.7

Action                   |  1- 3 |  4- 6 |  7- 9 || total
-------------------------+-------+-------+-------++-------
Melee: Unarmed           |    19 |     8 |       ||    27
       Morningstar       |       |    48 |     4 ||    52
Throw: Stone             |     7 |       |       ||     7
 Cast: Sandblast         |    36 |    26 |     7 ||    69
       Stone Arrow       |    19 |    52 |    13 ||    84
  Use: Scroll            |       |     7 |       ||     7
Armor: Robe              |     9 |    60 |     7 ||    76
Dodge: Dodged            |    10 |   102 |     6 ||   118

Table legend: (Time is in decaauts)
 A = Elapsed time spent in this place.
 B = Non-inter-level travel time spent in this place.
 C = Inter-level travel time spent in this place.
 D = Time resting spent in this place.
 E = Time spent auto-exploring this place.
 F = Levels seen in this place.
 G = Mean time per level.
                   A        B        C        D        E       F      G
               +--------+--------+--------+--------+--------+-----+--------+
         Total |   4198 |   4128 |     70 |     93 |   3060 |   5 |  839.6 |
       Dungeon |   3896 |   3826 |     70 |     93 |   2832 |   4 |  974.0 |
         Sewer |    301 |    301 |      0 |      0 |    228 |   1 |  301.0 |
               +--------+--------+--------+--------+--------+-----+--------+

Top non-repeatable levels by time:
     D:4: 1121 daAuts
     D:3: 1009 daAuts
     D:1: 976 daAuts
     D:2: 789 daAuts
   Sewer: 301 daAuts
